cohdb
Replays
Latest Replays
All Replays
Popular Replays
Top Player Replays
Match Explorer
How It Works
Community
CoH3 Stats
Reddit
Sign in to upload your games and track your stats! →
Sign in with Steam
Match 27575538
Unlisted
Match 27575538
Overview
Messages
Build Orders
End
Panzergrenadier Squad
Selects Italian Infantry
Panzergrenadier Squad
Construct Light Support Kompanie
MG34 Team
Fire Support Elements
Assault Grenadier Squad
Pak 38 Anti-tank Gun Team
le.IG 18 Mechanized Group
Selects Defensive Operations
Selects Territory Booby Traps
Selects Defensive Operations
Selects Territory Booby Traps
2.5-tonne Medical Truck
Veteran Squad Leaders
Construct Panzerarmee Kommand
Panzer III L Medium Tank
Selects Obice 305mm Barrage
Selects Guastatori Squad
Selects Registered Artillery
Panzer III L Medium Tank
Walking Stuka Rocket Launcher
Vehicle Survival Package
Rapid Advance
Obice 305mm Barrage
Registered Artillery
Armored Reserves
Panzer III L Medium Tank
Panzer III L Medium Tank
Selects Towed Cannone da 105/28 Field Howitzer
Registered Artillery
Tiger Heavy Tank
Danny
Stormy
MMMMMMMMMMMM
Bundeswehr_IQ
0
0
Comments
sign in to comment!
No comments posted yet!